[ AOE2 MATCH · #505867969 ]
UnrankedMapuche vs Wu
Player's team · LOSS
Rival team · WIN
[ REPLAY ANALYSIS · EXTRACTED FROM THE RECORDED GAME ]
Feudal
9:37
Castle
20:30
Imperial
40:25
| APM avg | 39.9 |
| APM peak | 77 |
| eAPM avg | 28.6 |
| Villagers / military | 143 / 222 |
Focus
⚔️ 46.3% · 🌾 53.7%
Bolas Rider ×100 · Skirmisher ×82 · Petard ×22 · Unknown (2550) ×15 · Kona ×10 · Archer ×4
Feudal
12:15
Castle
21:07
Imperial
37:27
| APM avg | 88.0 |
| APM peak | 170 |
| eAPM avg | 26.9 |
| Villagers / military | 164 / 152 |
Focus
⚔️ 28.8% · 🌾 71.2%
Archer ×99 · Skirmisher ×48 · Unknown (1974) ×19 · Unknown (1942) ×8 · Militia ×3 · Monk ×2
Match map
Initial resources + every placement click. Lines = walls · curves = elevation contours. ◆ gold · ⬟ stone · ● berries · ✦ relic · ◌ wall gap
Your base· ✓ Closed at 20:30 · 31t walls · 1 gate(s)
LukeTheHunter's base· ✓ Closed at 21:07 · 84t walls · 1 gate(s)
Smoothed initial terrain · ◌ = detected wall gap · hover for details
Inputs per minute
— Tim_Boww - - LukeTheHunter
Build order — Tim_Boww
First 150 of 540 actions detected
| 0:00 | Create | Villager (Male) |
| 0:01 | Create | Villager (Male) |
| 0:02 | Build | House |
| 0:03 | Build | House |
| 0:06 | Create | Villager (Male) |
| 0:13 | Create | Villager (Male) |
| 1:29 | Create | Villager (Male) |
| 2:00 | Create | Villager (Male) |
| 2:19 | Build | Settlement |
| 2:22 | Create | Villager (Male) |
| 2:48 | Create | Villager (Male) |
| 3:06 | Create | Villager (Male) |
| 3:36 | Create | Villager (Male) |
| 3:53 | Create | Villager (Male) |
| 4:21 | Create | Villager (Male) |
| 5:00 | Create | Villager (Male) |
| 5:10 | Create | Villager (Male) |
| 5:31 | Build | Barracks |
| 5:40 | Build | House |
| 5:44 | Create | Villager (Male) |
| 5:45 | Create | Villager (Male) |
| 6:39 | Research | Loom |
| 7:06 | Build | Settlement |
| 7:27 | Research | Feudal Age |
| 7:27 | Research | Feudal Age |
| 7:40 | Build | Palisade Wall |
| 7:52 | Create | Unit 2550 |
| 7:52 | Create | Unit 2550 |
| 8:07 | Build | Palisade Wall |
| 8:24 | Create | Villager (Male) |
| 8:40 | Create | Unit 2550 |
| 8:46 | Build | House |
| 8:50 | Build | House |
| 8:58 | Build | Palisade Wall |
| 9:37 | Age | Feudal Age |
| 9:39 | Research | Tech 1402 |
| 9:47 | Create | Villager (Male) |
| 9:53 | Create | Villager (Male) |
| 9:57 | Build | Archery Range |
| 10:08 | Build | Blacksmith |
| 10:39 | Create | Unit 2550 |
| 10:41 | Create | Villager (Male) |
| 10:45 | Research | Tech 1402 |
| 10:49 | Create | Skirmisher |
| 10:49 | Create | Skirmisher |
| 10:52 | Research | Horse Collar |
| 11:00 | Research | Double-Bit Axe |
| 11:03 | Build | House |
| 11:04 | Build | Palisade Wall |
| 11:13 | Build | Farm |
| 11:14 | Build | Farm |
| 11:15 | Create | Archer |
| 11:33 | Create | Villager (Male) |
| 11:42 | Build | Farm |
| 11:43 | Create | Villager (Male) |
| 11:52 | Create | Archer |
| 12:01 | Build | House |
| 12:07 | Build | Palisade Wall |
| 12:10 | Create | Villager (Male) |
| 12:23 | Create | Unit 2550 |
| 12:41 | Build | Palisade Wall |
| 12:45 | Create | Villager (Male) |
| 12:47 | Build | Farm |
| 12:51 | Build | Farm |
| 12:52 | Build | Farm |
| 12:54 | Create | Villager (Male) |
| 12:56 | Build | House |
| 13:05 | Build | Palisade Wall |
| 13:11 | Create | Archer |
| 13:29 | Create | Villager (Male) |
| 13:30 | Build | Farm |
| 13:44 | Research | Fletching |
| 13:58 | Create | Archer |
| 14:07 | Build | Farm |
| 14:08 | Create | Villager (Male) |
| 14:09 | Build | Farm |
| 14:30 | Create | Villager (Male) |
| 15:10 | Create | Villager (Male) |
| 15:11 | Build | Farm |
| 15:12 | Build | Farm |
| 15:17 | Build | Palisade Gate |
| 15:19 | Create | Villager (Male) |
| 15:37 | Build | Farm |
| 15:40 | Build | Farm |
| 15:54 | Build | Farm |
| 15:59 | Build | House |
| 16:01 | Create | Villager (Male) |
| 16:02 | Create | Villager (Male) |
| 16:13 | Build | Farm |
| 16:42 | Create | Villager (Male) |
| 17:02 | Create | Villager (Male) |
| 17:04 | Build | Settlement |
| 17:31 | Create | Villager (Male) |
| 17:50 | Research | Castle Age |
| 17:58 | Build | Barracks |
| 18:15 | Create | Unit 2550 |
| 18:28 | Research | Scale Mail Armor |
| 18:30 | Research | Arson |
| 18:38 | Build | Farm |
| 18:40 | Research | Horse Collar |
| 18:45 | Research | Horse Collar |
| 19:03 | Research | Gold Mining |
| 19:14 | Create | Unit 2550 |
| 19:21 | Build | Farm |
| 19:30 | Research | Padded Archer Armor |
| 19:42 | Create | Unit 2550 |
| 19:54 | Create | Unit 2550 |
| 20:09 | Build | Farm |
| 20:14 | Build | Farm |
| 20:16 | Create | Villager (Male) |
| 20:30 | Age | Castle Age |
| 20:31 | Research | Tech 1351 |
| 20:36 | Create | Bolas Rider |
| 20:36 | Create | Bolas Rider |
| 20:38 | Create | Villager (Male) |
| 20:48 | Build | Siege Workshop |
| 20:55 | Create | Villager (Male) |
| 20:56 | Build | Farm |
| 20:57 | Create | Unit 2550 |
| 21:07 | Build | Farm |
| 21:09 | Build | Farm |
| 21:20 | Create | Unit 2550 |
| 21:22 | Create | Villager (Male) |
| 21:38 | Create | Villager (Male) |
| 22:03 | Build | Town Center |
| 22:04 | Create | Villager (Male) |
| 22:30 | Build | House |
| 22:38 | Create | Mangonel |
| 22:39 | Create | Villager (Male) |
| 22:58 | Create | Villager (Male) |
| 22:59 | Research | Chain Mail Armor |
| 23:00 | Build | Farm |
| 23:03 | Create | Unit 2550 |
| 23:05 | Create | Unit 2550 |
| 23:22 | Create | Unit 2550 |
| 23:23 | Create | Unit 2550 |
| 23:38 | Build | Archery Range |
| 23:40 | Research | Bodkin Arrow |
| 23:44 | Create | Bolas Rider |
| 24:05 | Create | Mangonel |
| 24:11 | Create | Bolas Rider |
| 24:12 | Research | Leather Archer Armor |
| 24:13 | Create | Villager (Male) |
| 24:18 | Create | Villager (Male) |
| 24:20 | Create | Villager (Male) |
| 24:27 | Create | Bolas Rider |
| 24:29 | Create | Bolas Rider |
| 24:39 | Create | Villager (Male) |
| 24:41 | Research | Wheelbarrow |
| 24:50 | Create | Bolas Rider |
Build order — LukeTheHunter
First 150 of 591 actions detected
| 0:00 | Create | Villager (Male) |
| 0:01 | Create | Villager (Male) |
| 0:02 | Build | House |
| 0:03 | Build | House |
| 0:21 | Create | Villager (Male) |
| 0:21 | Create | Villager (Male) |
| 1:24 | Create | Villager (Male) |
| 1:58 | Create | Villager (Male) |
| 2:04 | Build | Lumber Camp |
| 2:12 | Create | Villager (Male) |
| 2:54 | Create | Villager (Male) |
| 3:10 | Create | Villager (Male) |
| 3:43 | Create | Villager (Male) |
| 3:52 | Build | House |
| 3:53 | Build | House |
| 4:07 | Create | Villager (Male) |
| 4:31 | Create | Villager (Male) |
| 4:31 | Create | Villager (Male) |
| 4:54 | Build | Barracks |
| 4:59 | Create | Villager (Male) |
| 5:15 | Create | Villager (Male) |
| 5:42 | Create | Villager (Male) |
| 5:51 | Create | Militia |
| 5:51 | Create | Militia |
| 5:53 | Create | Villager (Male) |
| 6:20 | Build | Mill |
| 6:29 | Create | Villager (Male) |
| 6:32 | Build | House |
| 6:34 | Build | Palisade Wall |
| 6:42 | Create | Militia |
| 6:58 | Create | Villager (Male) |
| 7:13 | Build | Mill |
| 7:16 | Build | Mill |
| 7:19 | Create | Villager (Male) |
| 7:50 | Create | Villager (Male) |
| 7:53 | Build | Palisade Wall |
| 8:21 | Create | Villager (Male) |
| 8:36 | Create | Villager (Male) |
| 8:47 | Build | Mining Camp |
| 8:52 | Create | Villager (Male) |
| 8:55 | Build | Palisade Wall |
| 9:15 | Build | Palisade Wall |
| 9:21 | Build | Palisade Wall |
| 9:31 | Research | Feudal Age |
| 9:40 | Research | Loom |
| 9:40 | Research | Feudal Age |
| 9:56 | Build | Palisade Wall |
| 10:05 | Build | Palisade Wall |
| 10:15 | Build | Palisade Wall |
| 10:44 | Build | Palisade Wall |
| 11:12 | Create | Villager (Male) |
| 11:13 | Create | Villager (Male) |
| 11:46 | Build | Lumber Camp |
| 12:15 | Build | Palisade Wall |
| 12:15 | Age | Feudal Age |
| 12:16 | Build | House |
| 12:19 | Build | Archery Range |
| 12:32 | Research | Double-Bit Axe |
| 12:38 | Build | House |
| 12:40 | Build | House |
| 12:42 | Build | House |
| 12:45 | Create | Villager (Male) |
| 12:50 | Build | Farm |
| 12:53 | Build | Farm |
| 13:03 | Build | House |
| 13:09 | Create | Skirmisher |
| 13:09 | Create | Skirmisher |
| 13:15 | Create | Skirmisher |
| 13:17 | Build | House |
| 13:22 | Create | Villager (Male) |
| 13:32 | Create | Villager (Male) |
| 13:33 | Build | Farm |
| 13:36 | Build | Farm |
| 13:41 | Create | Skirmisher |
| 13:56 | Build | Farm |
| 14:00 | Create | Villager (Male) |
| 14:03 | Build | House |
| 14:12 | Build | House |
| 14:23 | Create | Skirmisher |
| 14:24 | Create | Villager (Male) |
| 14:28 | Build | Farm |
| 14:30 | Build | Farm |
| 14:36 | Build | House |
| 14:40 | Create | Skirmisher |
| 14:54 | Create | Skirmisher |
| 14:55 | Create | Villager (Male) |
| 15:10 | Build | House |
| 15:12 | Build | Palisade Wall |
| 15:14 | Create | Villager (Male) |
| 15:20 | Build | Farm |
| 15:20 | Build | Farm |
| 15:20 | Build | Farm |
| 15:20 | Build | Farm |
| 15:27 | Create | Skirmisher |
| 15:47 | Create | Villager (Male) |
| 15:58 | Build | Farm |
| 16:03 | Build | House |
| 16:06 | Create | Skirmisher |
| 16:06 | Create | Villager (Male) |
| 16:09 | Create | Archer |
| 16:25 | Create | Archer |
| 16:36 | Create | Villager (Male) |
| 16:44 | Build | Blacksmith |
| 16:55 | Build | Farm |
| 16:58 | Build | Farm |
| 17:02 | Build | House |
| 17:14 | Build | House |
| 17:17 | Create | Villager (Male) |
| 17:19 | Create | Archer |
| 17:19 | Create | Villager (Male) |
| 17:23 | Build | Farm |
| 17:26 | Build | Farm |
| 17:37 | Create | Archer |
| 17:52 | Build | House |
| 18:23 | Build | Palisade Wall |
| 18:27 | Research | Castle Age |
| 18:27 | Research | Castle Age |
| 18:29 | Create | Archer |
| 18:37 | Build | Palisade Wall |
| 18:38 | Create | Archer |
| 18:45 | Build | Archery Range |
| 18:49 | Create | Archer |
| 19:00 | Research | Fletching |
| 19:18 | Build | Palisade Gate |
| 19:22 | Create | Archer |
| 19:26 | Research | Padded Archer Armor |
| 19:28 | Research | Horse Collar |
| 19:28 | Research | Horse Collar |
| 19:35 | Build | Mill |
| 19:36 | Build | Farm |
| 19:36 | Build | Farm |
| 19:37 | Build | Farm |
| 19:37 | Build | Farm |
| 19:37 | Build | Farm |
| 19:47 | Create | Archer |
| 19:47 | Create | Archer |
| 20:04 | Create | Archer |
| 20:23 | Research | Gold Mining |
| 20:29 | Build | Farm |
| 20:29 | Build | Farm |
| 20:29 | Build | Farm |
| 20:42 | Create | Archer |
| 20:43 | Create | Archer |
| 20:59 | Create | Villager (Male) |
| 21:01 | Build | Farm |
| 21:07 | Age | Castle Age |
| 21:11 | Research | Crossbowman (upgrade) |
| 21:16 | Research | Bodkin Arrow |
| 21:17 | Research | Bodkin Arrow |
| 21:17 | Create | Villager (Male) |
Match timeline
| 4:54 | LukeTheHunter · first_building Barracks |
| 5:31 | Tim_Boww · first_building Barracks |
| 6:34 | LukeTheHunter · wall_segment Palisade Wall x1 |
| 7:40 | Tim_Boww · wall_segment Palisade Wall x1 |
| 7:53 | LukeTheHunter · wall_segment Palisade Wall x10 |
| 8:07 | Tim_Boww · wall_segment Palisade Wall x1 |
| 8:55 | LukeTheHunter · wall_segment Palisade Wall x11 |
| 8:58 | Tim_Boww · wall_segment Palisade Wall x1 |
| 9:15 | LukeTheHunter · wall_segment Palisade Wall x3 |
| 9:21 | LukeTheHunter · wall_segment Palisade Wall x19 |
| 9:37 | Tim_Boww · age_up feudal |
| 9:56 | LukeTheHunter · wall_segment Palisade Wall x2 |
| 9:57 | Tim_Boww · first_building Archery Range |
| 10:05 | LukeTheHunter · wall_segment Palisade Wall x8 |
| 10:15 | LukeTheHunter · wall_segment Palisade Wall x1 |
| 10:44 | LukeTheHunter · wall_segment Palisade Wall x18 |
| 11:04 | Tim_Boww · wall_segment Palisade Wall x5 |
| 12:07 | Tim_Boww · wall_segment Palisade Wall x5 |
| 12:15 | LukeTheHunter · age_up feudal |
| 12:15 | LukeTheHunter · wall_segment Palisade Wall x1 |
| 12:19 | LukeTheHunter · first_building Archery Range |
| 12:41 | Tim_Boww · wall_segment Palisade Wall x8 |
| 13:05 | Tim_Boww · wall_segment Palisade Wall x10 |
| 15:12 | LukeTheHunter · wall_segment Palisade Wall x3 |
| 18:23 | LukeTheHunter · wall_segment Palisade Wall x11 |
| 18:37 | LukeTheHunter · wall_segment Palisade Wall x7 |
| 20:30 | Tim_Boww · age_up castle |
| 20:48 | Tim_Boww · first_building Siege Workshop |
| 21:07 | LukeTheHunter · age_up castle |
| 31:51 | LukeTheHunter · first_building Monastery |
| 33:47 | LukeTheHunter · first_market_sell 100 food |
| 34:25 | LukeTheHunter · first_building Castle |
| 36:25 | Tim_Boww · first_building Monastery |
| 36:28 | LukeTheHunter · first_building Siege Workshop |
| 37:27 | LukeTheHunter · age_up imperial |
| 37:52 | Tim_Boww · first_market_buy 100 stone |
| 37:57 | Tim_Boww · first_building Castle |
| 39:12 | Tim_Boww · first_market_sell 500 food |
| 40:25 | Tim_Boww · age_up imperial |
| 44:56 | Tim_Boww · resign |
[ AI ANALYSIS · 1 CREDIT ]
What really happened in this match?
Wolo.gg analyzes every decision: build order, eco, micro, common mistakes by bracket. Personalized analysis on WhatsApp or Discord in 30 seconds.
Civ guide
Mapuche
Perfil
Jugador #675679